 Dungeon Crawl Stone Soup version 0.30-b1-2-g02819fbbbe (webtiles) character file.

Game seed: 13163424992662131900

599 besarbethor the Ruffian (level 7, 0/39 HPs)
             Began as a Gargoyle Monk on Nov 10, 2023.
             Slain by a river rat (4 damage)
             ... summoned by Eustachio
             ... on level 4 of the Dungeon.
             The game lasted 00:23:54 (3790 turns).

besarbethor the Ruffian (Gargoyle Monk)             Turns: 3790, Time: 00:23:54

Health: 0/39       AC:  6    Str: 15 (17) XL:     7   Next: 41%
Magic:  7/7        EV: 12    Int: 12 (13) God:
Gold:   234        SH:  0    Dex:  5 (12) Spells: 6/6 levels left

rFire   . .          .
                       - Unarmed
rCold   . . .        c - orb {light}
rNeg    + + +        a - +0 robe
rPois   ∞            (no helmet)
rElec   +            (no cloak)
rCorr   +            (no gloves)
SInv    .            (no boots)
Will    .....        (no amulet)
Stlth   +            b - ring "Kolur" {Wiz rN++ Will- rCorr Int+3}
HPRegen 0.26/turn    (no ring)
MPRegen 0.10/turn

%: wizardry (x1)
@: glowing
A: sickness immunity, AC +4, negative energy resistance 1, electricity
resistance, torment resistance 1, petrification resistance, frail 1
a: no special abilities


You were on level 4 of the Dungeon.
You visited 1 branch of the dungeon, and saw 4 of its levels.

You collected 234 gold pieces.

Inventory:

Hand Weapons
 e - a +2 short sword of speed
 h - a +2 dagger of venom
 i - a +2 quarterstaff of chaos
 n - a +0 hand axe of flaming
 p - a +1 hammer of draining
Missiles
 g - 44 stones (quivered)
Armour
 a - a +0 robe (worn)
 c - an orb of light (worn)
 o - a +0 cloak
Jewellery
 b - the ring "Kolur" (left hand) {Wiz rN++ Will- rCorr Int+3}
   (You acquired it on level 4 of the Dungeon)

   [ring of wizardry]

   It improves your spell success rate.
   Int:       It affects your intelligence (+3).
   rN:        It greatly protects you from negative energy.
   rCorr:     It protects you from acid and corrosion.
   Will:      It decreases your willpower.
 t - a ring of willpower
Wands
 j - a wand of charming (8)
 l - a wand of polymorph (6)
 r - a wand of flame (4)
Scrolls
 d - 2 scrolls of teleportation
 f - 6 scrolls of identify
 k - a scroll of enchant weapon
 m - 2 scrolls of immolation {unknown}
 q - a scroll of blinking {unknown}
 s - a scroll of brand weapon
Potions
 u - a potion of mutation


   Skills:
 + Level 4.5 Fighting
 + Level 1.4 Short Blades
 + Level 4.3 Dodging
 + Level 1.1 Stealth
 + Level 6.0 Unarmed Combat


You had 6 spell levels left.
You didn't know any spells.
Your spell library contained the following spells:

 Spells                   Type           Power      Damage    Failure   Level
 Kiss of Death            Conj/Necr      0%         2d5       13%         1
 Sandblast                Erth           0%         2d4       13%         1
 Ensorcelled Hibernation  Hex/Ice        0%         N/A       21%         2
 Passwall                 Tmut/Erth      0%         N/A       21%         2
 Confusing Touch          Hex            0%         N/A       36%         3
 Stone Arrow              Conj/Erth      0%         3d7       36%         3
 Swiftness                Air            0%         N/A       36%         3
 Dispel Undead            Necr           0%         3d6       75%         4


Dungeon Overview and Level Annotations

Branches:
Dungeon (4/15)
 Temple: D:4-7

Altars:
Dithmenos
Gozag
Ru
Xom

Shops:
D:3 (

Annotations:
D:4 Eustachio


Innate Abilities, Weirdness & Mutations

You are immune to sickness and miasma.
Your stone body is resilient. (AC +4)
You are immune to poison.
You resist negative energy. (rN+)
You are resistant to electric shocks. (rElec)
You are resistant to unholy torment.
You are immune to petrification.
You are frail. (-10% HP)


Message History

Eustachio is moderately wounded.
The river rat misses you. Eustachio hits you with a +0 rapier.
* * * LOW HITPOINT WARNING * * *
You hit Eustachio.
Eustachio is moderately wounded.
Eustachio hits you but does no damage. The river rat barely misses you.
You punch Eustachio!
Eustachio is heavily wounded.
The quokka closely misses you.
You completely miss Eustachio.
Eustachio is heavily wounded.
The river rat misses you.
Eustachio casts a spell.
Eustachio blinks!
The quokka barely misses you. The quokka attacks as you move away!
The quokka closely misses you. The bat attacks as you move away!
The bat closely misses you. The river rat attacks as you move away!
The river rat closely misses you. The bat hits you but does no damage.
You see here the felid corpse of Natasha.
The quokka bites you.
* * * LOW HITPOINT WARNING * * *
You hit the quokka but do no damage. The quokka closely misses you.
You hit the quokka.
The quokka is heavily wounded.
The quokka closely misses you.
You punch the quokka!
You kill the quokka!
The quokka's corpse disappears in a puff of smoke!
Eustachio says, "Summoning is fun!"
You closely miss the quokka. The quokka barely misses you.
You hit the quokka.
The quokka is severely wounded.
The quokka barely misses you.
You punch the quokka!
You kill the quokka!
The quokka's corpse disappears in a puff of smoke!
You punch the river rat!
The river rat is almost dead.
The river rat bites you.
You die...

.....#.P♣♣ ♣♣#...# .....##♣♣
##### ..#.## ######### ..#..#
#.......# .....#### #######
#.#####.# .....#..# #.....#
#.#####.# .......#### ####.##
#.#.....# ..).###.#.####
##.######.#.....##
.###.....#...###@.#...##.#.......
#.#......#....#r###............##
...#.....#...@b#...###...#.....##
..)#......#....#....#.###########
...#.....###...#.....#...##......
....#.###.#†###.#....#....#......
...###.....#...###...#.....#.....
###.#......#....#.###.#....#.....
.....#.....#.....#...###...#.....


You could see a river rat (summoned) and a bat (summoned).

Vanquished Creatures
  Grinder (D:3)
  A water moccasin (D:4)
  A howler monkey (D:4)
  Crazy Yiuf (D:4)
  Ijyb (D:3)
  Natasha (thrice) (D:4)
  A gnoll (D:4)
  5 adders
  3 dart slugs
  5 orcs (D:3)
  5 bats
  4 endoplasms
  2 giant cockroaches
  12 goblins
  6 hobgoblins
  2 jackals (D:1)
  7 kobolds
  4 quokkas
  10 ball pythons
  A frilled lizard (D:3)
  7 rats
82 creatures vanquished.

Vanquished Creatures (others)
  A fungus (D:4)
1 creature vanquished.

Grand Total: 83 creatures vanquished

Notes
Turn   | Place    | Note
-------+----------+-------------------------------------------
     0 | D:1      | besarbethor the Gargoyle Monk began the quest for the Orb.
     0 | D:1      | Reached XP level 1. HP: 14/14 MP: 1/1
    38 | D:1      | Found a faded altar of an unknown god.
   137 | D:1      | Reached XP level 2. HP: 19/19 MP: 2/2
   882 | D:1      | Reached XP level 3. HP: 14/23 MP: 3/3
  1414 | D:2      | Reached XP level 4. HP: 29/29 MP: 4/4
  1648 | D:2      | Reached skill level 4 in Unarmed Combat
  1792 | D:3      | Found a shadowy altar of Dithmenos.
  1794 | D:3      | Found an opulent altar of Gozag.
  1823 | D:3      | Noticed Ijyb
  1861 | D:3      | Killed Ijyb
  1862 | D:3      | Reached XP level 5. HP: 33/33 MP: 5/5
  2013 | D:3      | Found a sacrificial altar of Ru.
  2030 | D:3      | Gained mutation: You are frail. (-10% HP) [potion of
                  | mutation]
  2072 | D:3      | Found Ottuel's Weapon Shoppe.
  2119 | D:3      | Noticed Grinder
  2126 | D:3      | Paralysed by Grinder for 3 turns
  2150 | D:3      | Paralysed by Grinder for 2 turns
  2156 | D:3      | Paralysed by Grinder for 3 turns
  2167 | D:3      | Paralysed by Grinder for 5 turns
  2174 | D:3      | Paralysed by Grinder for 2 turns
  2188 | D:3      | Killed Grinder
  2189 | D:3      | Reached skill level 1 in Short Blades
  2189 | D:3      | Reached skill level 5 in Unarmed Combat
  2189 | D:3      | Reached XP level 6. HP: 8/34 MP: 6/6
  2761 | D:4      | Identified a scroll of acquirement
  2761 | D:4      | Acquired the ring "Kolur" {Wiz rN++ Will- rCorr Int+3}
  2823 | D:4      | Noticed a water moccasin
  2838 | D:4      | Killed a water moccasin
  2839 | D:4      | Reached XP level 7. HP: 24/39 MP: 7/7
  2906 | D:4      | Found a runed translucent door.
  2907 | D:4      | Noticed Crazy Yiuf
  2917 | D:4      | Killed Crazy Yiuf
  2918 | D:4      | Reached skill level 1 in Stealth
  3381 | D:4      | Noticed Natasha
  3398 | D:4      | Killed Natasha
  3421 | D:4      | Found a shimmering altar of Xom.
  3449 | D:4      | Noticed Eustachio
  3641 | D:4      | Noticed Natasha
  3652 | D:4      | Killed Natasha
  3724 | D:4      | Noticed Natasha
  3735 | D:4      | Killed Natasha
  3736 | D:4      | Reached skill level 6 in Unarmed Combat
  3790 | D:4      | Slain by a river rat

Illustrated notes

Levels and vault maps discovered:
D:1:      onia_arrival_pentagram, layout_basic,
          nicolae_ecumenical_snake_handling, minivault_5,
          minmay_stone_trees_large
D:2:      layout_loops_ring, kennysheep_generic_room_15
D:3:      layout_basic, nicolae_ru_sacrificial_ziggurat, jmf_multi_god_temple,
          serial_shops, shop, uniq_ijyb, uniq_grinder
D:4:      nicolae_BIG_FREAKIN_CUBE, layout_loops_cross,
          mainiacjoe_overflow_cross_hatched, minmay_surrounded, uniq_eustachio,
          uniq_crazy_yiuf_cottage, uniq_natasha

Skill      XL: |  1  2  3  4  5  6  7 |
---------------+----------------------+-----
Dodging        | 3 4 |  4.3
Unarmed Combat | 4 5 6 |  6.0
Fighting       | 4 |  4.5
Short Blades   | 1 |  1.4
Stealth        | 1 |  1.1

Action                     |  1- 3 |  4- 6 |  7- 9 || total
---------------------------+-------+-------+-------++-------
  Melee: Unarmed           |   114 |    95 |    92 ||   301
         Dagger            |       |    58 |       ||    58
    Use: Potion            |     3 |     3 |     1 ||     7
         Scroll            |     2 |     4 |     1 ||     7
 Armour: Robe              |    41 |    38 |    45 ||   124
         Skin              |       |     9 |       ||     9
  Dodge: Dodged            |    60 |    96 |   101 ||   257
